AoeStats
← |GaoeG| flamingo

Fortress

509111957Analyzed
3v3 RM · 6d ago on Sep 25, 2026· 44m 10s· 6 players
Game mode
Random Map
Map size
Large (8 player)
Population
200
Speed
Normal
Resources
Standard
Victory
Conquest
Starting age
Dark Age
Ending age
Imperial Age
RankedLock teamsTeams togetherTeam positionsShared explorationLock speedFull tech treeHidden civsTurbo modeCheats
Victory
Defeat
🇨🇴 Magyars · Colombia
1390
+15
🇳🇱 Gurjaras · Netherlands
1371
+16
🇪🇸 Dravidians · Spain
1275
+19
🇪🇸 Byzantines · Spain
1417
-19
🇪🇸 Malians · Spain
1376
-17
🇪🇸 Burgundians · Spain
1284
-14
|GaoeG| flamingo
7:52 Feudal Age
8:37 Double-Bit Axe
12:37 Castle Age
11:41 Bow Saw
12:47 Horse Collar
15:22 Two-Man Saw
15:06 Heavy Plow
16:18 Scale Barding Armor
16:25 Forging
17:36 Crop Rotation
18:12 Chain Barding Armor
18:09 Gold Mining
18:50 Husbandry
18:56 Loom
19:11 Cavalier
24:48 Wheelbarrow
25:07 Gold Shaft Mining
24:52 Town Watch
25:54 Iron Casting
29:09 Hand Cart
31:31 Imperial Age
33:21 Chemistry
32:03 Paladin
33:50 Plate Barding Armor
34:20 Blast Furnace
34:05 Elite Skirmisher
34:38 Fletching
34:50 Padded Archer Armor
39:21 Conscription
41:03 Leather Archer Armor
40:45 Bodkin Arrow
41:55 Burgundian Vineyards
42:25 Bracer
43:00 Ballistics
42:09 Light Cavalry
Skofilus
8:26 Feudal Age
9:11 Double-Bit Axe
12:00 Castle Age
9:44 Horse Collar
12:31 Wheelbarrow
14:18 Bow Saw
19:12 Hand Cart
19:53 Gold Mining
25:24 Imperial Age
22:40 Loom
23:00 Scale Mail Armor
24:07 Chain Mail Armor
24:36 Heavy Plow
25:07 Stone Mining
25:56 Gold Shaft Mining
25:13 Stone Mining
25:31 Elite Varangian Guard
26:11 Squires
25:57 Arson
25:58 Gambesons
27:28 Chemistry
26:51 Conscription
27:21 Plate Mail Armor
27:02 Forging
33:12 Logistica
34:20 Fletching
34:56 Bodkin Arrow
35:22 Ballistics
34:28 Crossbowman
35:13 Thumb Ring
35:47 Hoardings
35:04 Arbalester
36:24 Fortified Wall
38:48 Padded Archer Armor
38:50 Bracer
40:05 Leather Archer Armor
41:36 Ring Archer Armor
42:50 Elite Skirmisher
43:40 Caravan
JITANOmaleant7
7:43 Feudal Age
8:58 Loom
12:00 Castle Age
10:21 Double-Bit Axe
10:49 Horse Collar
13:08 Wheelbarrow
13:06 Bow Saw
16:24 Forging
17:10 Gold Mining
21:30 Scale Mail Armor
22:54 Iron Casting
24:31 Scale Barding Armor
27:51 Imperial Age
26:51 Bloodlines
26:45 Husbandry
29:52 Heavy Camel Rider
33:52 Chain Barding Armor
33:25 Cavalier
35:00 Heavy Plow
36:27 Plate Barding Armor
35:40 Light Cavalry
38:26 Conscription
41:20 Hand Cart
sdk
0:30 Loom
5:36 Feudal Age
6:02 Double-Bit Axe
5:57 Horse Collar
13:34 Castle Age
13:31 Wheelbarrow
12:41 Town Watch
14:50 Bow Saw
14:41 Heavy Plow
22:47 Gold Mining
22:51 Stone Mining
24:29 Hand Cart
27:04 Imperial Age
25:41 Stone Shaft Mining
25:47 Gold Shaft Mining
25:45 Kshatriyas
26:01 Scale Mail Armor
26:11 Forging
26:23 Arson
27:09 Town Patrol
28:09 Conscription
27:10 Elite Chakram Thrower
29:00 Iron Casting
29:46 Crop Rotation
30:02 Chain Mail Armor
31:16 Plate Mail Armor
32:41 Fletching
34:09 Caravan
35:14 Hoardings
34:53 Fortified Wall
34:24 Treadmill Crane
35:04 Ballistics
36:10 Bodkin Arrow
37:17 Chemistry
36:27 Masonry
37:36 Bracer
37:34 Murder Holes
40:24 Padded Archer Armor
40:29 Scale Barding Armor
42:09 Coinage
43:48 Leather Archer Armor
43:53 Chain Barding Armor
44:36 Banking
Barrios
8:02 Feudal Age
9:06 Loom
11:36 Castle Age
9:46 Double-Bit Axe
11:01 Horse Collar
14:59 Loom
15:55 Wheelbarrow
15:10 Pikeman
17:33 Fletching
21:33 Bow Saw
21:24 Gold Mining
22:11 Squires
22:44 Gambesons
23:09 Stone Mining
23:49 Forging
25:24 Iron Casting
28:00 Imperial Age
27:12 Medical Corps
27:31 Scale Mail Armor
27:25 Town Watch
29:02 Thumb Ring
30:57 Halberdier
32:59 Blast Furnace
32:40 Conscription
32:00 Elite Elephant Archer
33:37 Bodkin Arrow
34:58 Chemistry
34:18 Ballistics
35:04 Bracer
35:06 Padded Archer Armor
36:05 Hand Cart
36:12 Caravan
37:03 Wootz Steel
41:03 Leather Archer Armor
43:22 Fortified Wall
43:23 Masonry
42:47 Siege Elephant
spava9723
0:39 Loom
0:45 Loom
7:20 Feudal Age
7:34 Loom
11:29 Castle Age
9:39 Double-Bit Axe
9:41 Horse Collar
10:12 Gold Mining
12:31 Bow Saw
14:23 Heavy Plow
16:33 Wheelbarrow
19:28 Fletching
23:31 Bodkin Arrow
25:41 Scale Barding Armor
26:12 Heavy Plow
27:36 Padded Archer Armor
31:25 Imperial Age
29:27 Ballistics
30:24 Thumb Ring
32:04 Husbandry
32:12 Bracer
35:10 Bloodlines
35:31 Leather Archer Armor
36:00 Corvinian Army
36:55 Heavy Cavalry Archer
40:18 Ring Archer Armor
40:27 Parthian Tactics
40:43 Conscription
41:00 Caravan
42:36 Cavalier
45:11 Chemistry
44:44 Recurve Bow
Connection lost

Rejoining the realm…

Still unreachable

The connection could not be restored.

Session expired

The server has moved on; the page needs a fresh start.